Map: Ruins of Seras

Players

FireCake - Winner!

  • Race: Zerg Zerg

Has

  • Race: Protoss Protoss

Event: 2016 WCS Winter Circuit Championship

VOD

Have the link to the VOD?

Description

Time

  • Played on: March 3, 2016, 9:50 a.m.
  • Length: 9:34

All games in this series

Show
View Real Time Build Order
Export as new Build Order

FireCake Zerg - Winner!

Build Orders: Hatch First 

Get SALT Encoding   

  12  0:00  Drone  
  13  0:07  Drone  
  14  0:17  Overlord  
  14  0:22  Extractor  
  14  0:23  Drone  
  15  0:35  Drone x2  
  17  0:52  Hatchery  
  17  0:56  Drone  
  17  0:59  Drone  
  18  1:06  Drone  
  19  1:15  Spawning Pool  
  18  1:18  Drone  
  19  1:40  Hatchery, Drone  
  19  1:44  Drone  
  19  1:46  Extractor  
  19  2:02  Queen  
  19  2:04  Queen  
  19  2:07  Drone  
  24  2:16  Overlord  
  24  2:27  Zergling x8  
  28  2:38  Queen  
  30  2:48  Drone x3  
  33  2:53  Metabolic Boost  
  33  2:59  Overlord  
  33  3:04  Drone  
  34  3:11  Drone x3  
  37  3:21  Drone  
  37  3:22  Drone x3  
  37  3:26  Overlord  
  41  3:33  Overlord  
  41  3:36  Drone x2  
  43  3:43  Drone x3  
  43  3:44  Drone  
  47  3:52  Zergling x2  
  47  3:53  Zergling x6  
  51  3:58  Spore Crawler  
  51  3:59  Spore Crawler, Drone  
  51  4:01  Spore Crawler  
  49  4:08  Roach Warren  
  48  4:10  Drone  
  48  4:13  Extractor  
  48  4:16  Drone  
  50  4:17  Drone x3  
  51  4:26  Drone x5  
  51  4:29  Drone  
  57  4:32  Drone  
  57  4:33  Drone  
  56  4:49  Roach x5  
  65  4:55  Overlord  
  65  4:56  Overlord  
  65  4:57  Overlord  
  65  5:01  Spine Crawler  
  65  5:04  Spine Crawler  
  65  5:05  Roach  
  62  5:23  Roach  
  62  5:24  Roach x7  
  73  5:29  Roach  
  73  5:30  Roach x4  
  82  5:39  Lair  
  82  5:41  Drone x3  
  80  5:48  Drone x3  
  82  5:59  Drone x5  
  82  6:03  Drone x3  
  88  6:17  Drone x3  
  90  6:20  Extractor  
  90  6:23  Extractor  
  90  6:25  Evolution Chamber, Zergling x4  
  88  6:29  Overlord x2  
  89  6:34  Drone  
  89  6:38  Overseer  
  90  6:40  Glial Reconstitution  
  90  6:45  Overlord x3  
  90  6:48  Drone x4  
  90  6:49  Drone x3  
  90  6:52  Zerg Missile Weapons Level 1  
  97  7:00  Drone x3  
  97  7:01  Drone x2  
  102  7:07  Overseer  
  102  7:14  Drone  
  103  7:16  Drone  
  103  7:17  Drone x7  
  103  7:22  Hydralisk Den  
  109  7:33  Roach  
  109  7:34  Roach x4  
  119  7:40  Overlord  
  119  7:51  Extractor  
  119  7:52  Extractor  
  117  8:00  Roach  
  117  8:01  Roach x9  
  137  8:06  Hatchery  
  136  8:25  Overlord  
  136  8:26  Overlord x5  
  136  8:40  Roach  
  136  8:45  Roach x8  
  136  8:47  Ravager x3  
  136  8:48  Ravager x6  
  161  8:49  Zergling x2  
  162  8:59  Roach x3  
  166  9:09  Roach x3  
  160  9:15  Roach x2  
Show
View Real Time Build Order
Export as new Build Order

Has Protoss 

Build Orders: Dark Templar Rush 

Get SALT Encoding   

  12  0:01  Probe (Chrono Boost)  
  13  0:11  Probe (Chrono Boost)  
  14  0:18  Pylon  
  14  0:23  Probe (Chrono Boost)  
  15  0:36  Probe (Chrono Boost)  
  15  0:38  Gateway  
  16  0:46  Probe (Chrono Boost)  
  16  0:47  Assimilator  
  18  0:57  Probe (Chrono Boost)  
  18  1:01  Gateway  
  18  1:07  Probe (Chrono Boost)  
  19  1:18  Probe (Chrono Boost)  
  20  1:25  Cybernetics Core  
  20  1:27  Pylon  
  20  1:30  Probe (Chrono Boost)  
  21  1:57  Nexus  
  21  2:07  Adept (Chrono Boost)  
  23  2:11  Adept (Chrono Boost)  
  23  2:14  Warp Gate  
  25  2:17  Probe  
  26  2:28  Assimilator  
  26  2:29  Mothership Core (Chrono Boost)  
  28  2:38  Pylon  
  28  2:42  Pylon  
  28  2:50  Probe (Chrono Boost)  
  29  2:59  Twilight Council  
  29  3:01  Probe (Chrono Boost)  
  30  3:11  Probe (Chrono Boost)  
  30  3:12  Probe (Chrono Boost)  
  32  3:22  Probe (Chrono Boost)  
  32  3:24  Probe (Chrono Boost)  
  34  3:28  Gateway  
  34  3:32  Probe (Chrono Boost)  
  35  3:37  Dark Shrine  
  35  3:39  Probe (Chrono Boost)  
  36  3:43  Probe (Chrono Boost)  
  37  3:49  Gateway  
  37  3:53  Probe (Chrono Boost)  
  38  3:57  Adept  
  38  4:00  Probe (Chrono Boost)  
  41  4:04  Adept  
  41  4:06  Probe (Chrono Boost)  
  44  4:13  Probe (Chrono Boost)  
  45  4:17  Probe (Chrono Boost)  
  45  4:20  Pylon  
  45  4:23  Probe (Chrono Boost)  
  47  4:28  Probe (Chrono Boost)  
  48  4:34  Pylon, Probe (Chrono Boost)  
  48  4:38  Probe (Chrono Boost), Adept  
  52  4:44  Probe (Chrono Boost)  
  52  4:48  Probe (Chrono Boost)  
  52  4:51  Dark Templar  
  52  4:52  Dark Templar  
  57  4:53  Probe (Chrono Boost)  
  57  4:59  Dark Templar  
  60  5:05  Probe  
  60  5:11  Probe  
  62  5:17  Probe  
  61  5:23  Probe  
  61  5:27  Probe  
  59  5:35  Probe  
  59  5:38  Probe  
  59  5:41  Nexus  
  57  5:43  Pylon  
  57  5:47  Probe  
  53  5:50  Probe  
  53  5:52  Gateway x2  
  53  5:53  Forge  
  53  5:55  Gateway  
  54  6:00  Adept x3  
  60  6:10  Probe x2, Adept  
  62  6:19  Dark Templar  
  62  6:22  Probe x2  
  65  6:26  Protoss Ground Weapons Level 1 (Chrono Boost)  
  65  6:29  Adept x2  
  65  6:31  Adept  
  65  6:32  Gateway  
  71  6:34  Probe  
  71  6:36  Probe  
  71  6:37  Assimilator  
  73  6:46  Probe  
  74  6:51  Gateway  
  74  6:53  Pylon, Gateway  
  74  6:55  Adept  
  74  6:56  Probe  
  74  6:57  Probe  
  74  7:00  Adept  
  80  7:02  Adept  
  80  7:16  Adept x6  
  80  7:20  Probe  
  80  7:22  Pylon  
  91  7:23  Probe  
  92  7:41  Nexus  
  92  7:48  Probe  
  92  7:49  Probe  
  93  7:58  Pylon  
  93  8:00  Pylon  
  93  8:02  Pylon  
  93  8:04  Pylon  
  93  8:12  Adept x6  
  101  8:21  Adept  
  101  8:22  Adept  
  99  8:28  Adept x2  
  99  8:37  Adept x6  
  99  8:39  Adept x2  
  110  8:54  Adept  
  110  8:55  Adept x2  
  116  9:00  Adept x6  
  98  9:10  Adept  
  98  9:16  Adept x3  
Tags
 
Add a new tag
Caveats
  • Supply blocks, unpowered buildings, or Contaminate may cause inaccurate times.
  • Supply counts are checked every 10 seconds.